 Dungeon Crawl Stone Soup version bcrawl-1.38.1 (webtiles) character file.

Game seed: 16825822153885073998

453115 Morbidden the Grappler (level 12, -3/111 HPs)
             Began as a Troll Archaeologist on Apr 3, 2023.
             Was the Champion of Cheibriados.
             Slain by a seven-headed hydra (11 damage)
             ... on level 2 of the Lair of Beasts.
             The game lasted 00:14:49 (10368 turns).

Morbidden the Grappler (Troll Archaeologist)       Turns: 10368, Time: 00:14:50

Health: -3/111     AC: 14    Str: 40    XL:     12   Next: 10%
Magic:  0/20       EV: 16    Int: 27    God:    Cheibriados [******]
Gold:   770        SH:  0    Dex: 23    Spells: 21/23 levels left

rFire    . . .     GDR:     36% b - +0 hunting sling
rCold    . . .     SeeInvis +   (no shield)
rNeg     . . .     Gourm    +   (armour unavailable)
rPois    .         Faith    .   c - +1 hat
rElec    .         Spirit   +   (no cloak)
rCorr    .         Reflect  .   (gloves unavailable)
MR       .....     Clarity  +   (boots unavailable)
Stlth    +++.......             P - amulet of guardian spirit
HPRegen  1.08/turn              h - +4 ring of protection
MPRegen  0.17/turn              K - ring of see invisible

@: studying Spellcasting, very slow
A: large, almost no armour, claws 3, fast metabolism 3, gourmand, regeneration
2, AC +9
a: Bend Time, Defer, Temporal Distortion, Step From Time, Renounce Religion


You were on level 2 of the Lair of Beasts.
You worshipped Cheibriados.
Cheibriados was exalted by your worship.
You were very full.

You visited 3 branches of the dungeon, and saw 12 of its levels.

You collected 770 gold pieces.

Inventory:

Hand Weapons
 b - a +0 hunting sling (weapon)
 x - a +0 blowgun
Missiles
 a - 1218 sling bullets (quivered)
 d - 6 curare-tipped needles
 s - 1812 stones
 t - 366 poisoned needles
 y - 552 poisoned tomahawks
 G - 1519 arrows
Armour
 c - a +1 hat (worn)
Jewellery
 h - a +4 ring of protection (left claw)
 C - an uncursed ring of positive energy
 K - a ring of see invisible (right claw)
 M - the cursed amulet of Summer {Inacc rC+}
   (You found it on level 9 of the Dungeon)

   [amulet of inaccuracy]

   It reduces the accuracy of all your attacks.
   It protects you from cold.
   It has a curse placed upon it.
 P - an amulet of guardian spirit (around neck)
Wands
 J - a wand of paralysis (5)
 N - a wand of random effects (10)
 O - a wand of disintegration (11)
 Q - a wand of flame (9)
Scrolls
 g - 4 scrolls of magic mapping
 i - 9 scrolls of identify
 j - a scroll of fear
 m - 2 scrolls of amnesia
 n - a scroll of remove curse
 o - a scroll of enchant weapon {unknown}
 p - 7 scrolls of teleportation
 z - a scroll of noise {unknown}
 B - a scroll of blinking {unknown}
 I - 2 scrolls of fog {unknown}
 L - a scroll of enchant armour {unknown}
 S - a scroll of torment {unknown}
Potions
 f - 3 potions of ambrosia {unknown}
 k - a potion of magic {unknown}
 l - 2 potions of invisibility {unknown}
 q - a potion of haste {unknown}
 r - 2 potions of mutation {unknown}
 u - 4 potions of resistance {unknown}
 v - 6 potions of curing {unknown}
 w - 5 potions of heal wounds {unknown}
 A - a potion of agility {unknown}
 D - 3 potions of brilliance {unknown}
 E - 3 potions of flight {unknown}
 F - 6 potions of lignification {unknown}
 H - a potion of degeneration {unknown}
Comestibles
 e - 26 rations {!d}


   Skills:
 * Level 5.5 Fighting
   Level 1.0 Maces & Flails
 + Level 0.8(2.4) Slings
 * Level 4.8(4.9) Throwing
 * Level 6.8 Dodging
 + Level 2.8 Stealth
 * Level 11.3 Unarmed Combat
 * Level 6.4 Spellcasting
 * Level 2.6 Transmutations
 * Level 5.5 Invocations
 * Level 4.2 Evocations


You had 21 spell levels left.
You knew the following spells:

 Your Spells              Type           Power        Failure   Level  Hunger
a - Sticks to Snakes      Tmut           ###.....     3%          2    None

Your spell library contained the following spells:

 Spells                   Type           Power        Failure   Level  Hunger
 Silence                  Hex/Air        #.........   86%         5    #####..
 Infestation              Hex/Tmut/Pois  ##.......    100%        6    ######.
 Dragon Form              Tmut           ###....      100%        7    #######


Dungeon Overview and Level Annotations

Branches:
Dungeon (9/12)             Temple (1/1) D:4            Lair (2/6) D:7
    Orc (0/1) D:9
  Swamp: Lair:2-4    Shoals: Lair:2-4     Snake: Lair:2-4    Spider: Lair:2-4

Altars:
Ashenzari
Cheibriados
Elyvilon
Fedhas
Gozag
Makhleb
Trog
Uskayaw
Vehumet
Xom
Yredelemnul
Beogh

Shops:
D:5 [

Annotations:
Lair:1 1 runed translucent door, foxfromabyss's ghost, journeyman MfSk
Lair:2 3 runed translucent doors, Gokhlavi's ghost, journeyman DsFi


Innate Abilities, Weirdness & Mutations

You cannot wear most types of armour.
Your thick skin is tough. (AC +9)
You are too large for most types of armour.
You have claws for hands.
Your metabolism is lightning-fast.
You like to eat raw meat.
You heal very quickly.


Message History

The seven-headed hydra bites you but does no damage.
The seven-headed hydra barely misses you.
The seven-headed hydra closely misses you.
The seven-headed hydra misses you. x2
The seven-headed hydra barely misses you. x2
No path to travel!
No path to travel!
No path to travel!
Firing (i - inventory. (/) - cycle)
a - 1219 sling bullets (quivered)
Press: ? - help, Shift-Dir - straight line, f/p - seven-headed hydra
Aim: a seven-headed hydra (almost dead)
You shoot a sling bullet.
The sling bullet hits the seven-headed hydra.
The seven-headed hydra is almost dead.
The seven-headed hydra bites you but does no damage.
The seven-headed hydra bites you!
* * * LOW HITPOINT WARNING * * *
The seven-headed hydra barely misses you.
The seven-headed hydra bites you!
You die...

#..####### .. #..### #..
##...P#### #... #P.....#.#
##.... ##.......# #....
#........## ...#
.#........# #####..#
#.........# #.##D.#
#........P# ##.@##.#
#.........####..P# #
#.....P.P##.#..###
#.....#####.....#
.....####.#...#.####
....PP...........#.#
..................#######
......#.............##P.#
.....##.................##


You could see a seven-headed hydra.

Vanquished Creatures
  Harold (D:9)
  A two-headed ogre (D:8)
  5 elephants (Lair:1)
  Joseph (D:9)
  2 cane toads (Lair:1)
  A gargoyle (D:8)
  A black mamba (Lair:1)
  2 trolls
  A polar bear (Lair:2)
  2 hippogriffs
  Grinder (D:6)
  3 blink frogs (Lair:1)
  2 spriggans
  2 wyverns
  Eustachio (D:4)
  20 yaks
  2 hungry ghosts
  A vampire mosquito (D:8)
  2 water moccasins
  5 crocodiles
  2 sky beasts
  8 orc warriors
  5 ice beasts
  2 phantoms
  3 black bears
  A necrophage (D:6)
  3 wolves (Lair:2)
  3 ogres
  2 bullfrogs
  A kobold brigand (D:7)
  Blork the orc (D:6)
  A gnoll sergeant (D:9)
  A wyvern skeleton (D:9)
  3 centaurs
  7 scorpions
  6 killer bees (D:9)
  3 wights (D:9)
  A howler monkey (D:7)
  4 electric eels (D:7)
  5 orc priests
  3 crimson imps
  2 hounds
  A quasit (D:9)
  A jelly (D:6)
  2 bullfrog skeletons
  4 iguanas
  Natasha (thrice) (D:4)
  9 orc wizards
  8 worker ants
  A hound zombie (D:6)
  A howler monkey zombie (D:7)
  2 worker ant zombies
  4 gnolls (D:9)
  5 adders
  2 shadow imps (D:6)
  3 oozes
  5 adder zombies
  5 worms
  4 dart slugs
  4 leopard geckos
  38 orcs
  6 giant cockroaches
  5 goblins
  7 hobgoblins
  13 jackals
  14 kobolds
  A quokka (D:3)
  2 ball pythons
  4 bats
  2 frilled lizards
  A quokka skeleton (D:5)
  5 rats
285 creatures vanquished.

Vanquished Creatures (collateral kills)
  A yak (Lair:2)
1 creature vanquished.

Vanquished Creatures (others)
  5 fungi
  9 plants
14 creatures vanquished.

Grand Total: 300 creatures vanquished

Notes
Turn   | Place    | Note
-------+----------+-------------------------------------------
     0 | D:1      | Morbidden the Troll Archaeologist began the quest for the
                  | Orb.
     0 | D:1      | Reached XP level 1. HP: 18/18 MP: 0/0
    81 | D:1      | Reached XP level 2. HP: 7/26 MP: 1/1
   251 | D:1      | Reached XP level 3. HP: 31/32 MP: 2/2
   425 | D:1      | Reached skill level 1 in Fighting
   520 | D:1      | Reached skill level 1 in Unarmed Combat
   832 | D:2      | Gained mutation: Your natural rate of healing is unusually
                  | fast. [Troll growth]
   832 | D:2      | Reached XP level 4. HP: 34/41 MP: 3/3
  1237 | D:2      | Found a snail-covered altar of Cheibriados.
  1237 | D:2      | Found a bloodstained altar of Trog.
  1404 | D:2      | Became a worshipper of Cheibriados the Contemplative
  1517 | D:3      | Reached skill level 1 in Throwing
  1517 | D:3      | Reached skill level 2 in Unarmed Combat
  1611 | D:3      | Reached XP level 5. HP: 40/48 MP: 5/5
  1611 | D:3      | Identified a scroll of acquirement
  1611 | D:3      | Identified the +3 giant club of Runoqag {flame, Dex+6} (You
                  | acquired it on level 3 of the Dungeon)
  1611 | D:3      | Identified the +0 hat of the Gloaming {rElec} (You acquired
                  | it on level 3 of the Dungeon)
  1643 | D:3      | Reached skill level 1 in Spellcasting
  1823 | D:3      | Found a shattered altar of Ashenzari.
  2192 | D:4      | Reached skill level 1 in Evocations
  2356 | D:4      | Found a staircase to the Ecumenical Temple.
  2365 | Temple   | Entered the Ecumenical Temple
  2574 | D:4      | Reached skill level 3 in Unarmed Combat
  2574 | D:4      | Reached XP level 6. HP: 55/55 MP: 6/6
  2895 | D:4      | Noticed Natasha
  2900 | D:4      | Killed Natasha
  2987 | D:4      | Noticed Natasha
  2996 | D:4      | Killed Natasha
  2997 | D:4      | Reached skill level 1 in Invocations
  3022 | D:4      | Noticed Natasha
  3048 | D:4      | Killed Natasha
  3205 | D:5      | Entered Level 5 of the Dungeon
  3223 | D:5      | Found Rubufedgh's Armour Emporium.
  3281 | D:5      | Noticed a water moccasin
  3291 | D:5      | Killed a water moccasin
  3292 | D:5      | Reached XP level 7. HP: 41/63 MP: 8/8
  3345 | D:5      | Reached * piety under Cheibriados
  3353 | D:5      | Reached skill level 4 in Unarmed Combat
  3479 | D:5      | Found a burning altar of Makhleb.
  3615 | D:5      | Noticed Eustachio
  3643 | D:4      | Killed Eustachio
  3644 | D:4      | Reached skill level 5 in Unarmed Combat
  3644 | D:4      | Reached XP level 8. HP: 72/72 MP: 11/11
  4060 | D:6      | Reached ** piety under Cheibriados
  4228 | D:6      | Reached skill level 5 in Dodging
  4257 | D:6      | Noticed Grinder
  4271 | D:6      | Reached skill level 6 in Unarmed Combat
  4398 | D:6      | Killed Grinder
  4399 | D:6      | Reached XP level 9. HP: 80/80 MP: 11/13
  4433 | D:6      | Found a radiant altar of Vehumet.
  4460 | D:6      | Noticed Blork the orc
  4471 | D:6      | Killed Blork the orc
  4472 | D:6      | Reached skill level 7 in Unarmed Combat
  4639 | D:6      | Reached *** piety under Cheibriados
  4990 | D:7      | Reached skill level 8 in Unarmed Combat
  5079 | D:7      | Found a staircase to the Lair.
  5148 | D:7      | Noticed a troll
  5159 | D:7      | Killed a troll
  5370 | D:7      | Reached **** piety under Cheibriados
  5396 | D:7      | Identified the Incunabulum of Unstable Enchantment
  5401 | D:7      | Learned a level 2 spell: Sticks to Snakes
  6230 | D:7      | Reached XP level 10. HP: 79/91 MP: 15/15
  6684 | D:8      | Noticed a two-headed ogre
  6688 | D:8      | Killed a two-headed ogre
  6689 | D:8      | Reached skill level 9 in Unarmed Combat
  7002 | D:8      | Reached ***** piety under Cheibriados
  7232 | D:8      | Noticed a gargoyle
  7311 | D:8      | Reached skill level 1 in Transmutations
  7373 | D:8      | Killed a gargoyle
  7484 | D:9      | Found an opulent altar of Gozag.
  7539 | D:9      | Reached skill level 5 in Spellcasting
  7629 | D:9      | Got an ancient pewter amulet
  7666 | D:9      | Found a staircase to the Orcish Mines.
  7674 | D:9      | Reached skill level 5 in Fighting
  7678 | D:9      | Noticed Harold
  7699 | D:9      | Killed Harold
  7700 | D:9      | Reached skill level 10 in Unarmed Combat
  7700 | D:9      | Reached XP level 11. HP: 48/102 MP: 17/17
  7749 | D:9      | Found a roughly hewn altar of Beogh.
  7928 | D:9      | Noticed Joseph
  8015 | D:9      | Identified the cursed amulet of Summer {Inacc rC+} (You
                  | found it on level 9 of the Dungeon)
  8349 | D:9      | Killed Joseph
  8672 | Lair:1   | Entered Level 1 of the Lair of Beasts
  8852 | Lair:1   | Found a runed translucent door.
  8853 | Lair:1   | Noticed foxfromabyss's ghost (journeyman MfSk)
  8853 | Lair:1   | Identified the +6 trident of a volcano {pierce, rN+}
  8941 | Lair:1   | Reached skill level 5 in Invocations
  9254 | Lair:1   | Reached skill level 11 in Unarmed Combat
  9779 | Lair:2   | Reached ****** piety under Cheibriados
 10030 | Lair:2   | Noticed Gokhlavi's ghost (journeyman DsFi)
 10058 | Lair:2   | Noticed a four-headed hydra
 10069 | Lair:2   | Found a runed translucent gate.
 10069 | Lair:2   | Found a runed translucent gate.
 10069 | Lair:2   | Found a runed translucent gate.
 10199 | Lair:2   | Gained mutation: You heal very quickly. [Troll growth]
 10199 | Lair:2   | Reached XP level 12. HP: 104/111 MP: 18/20
 10368 | Lair:2   | Slain by a seven-headed hydra

Skill      XL: |  1  2  3  4  5  6  7  8  9 10 11 |
---------------+----------------------------------+-----
Dodging        | 3 4 5 6 |  6.8
Fighting       | 1 2 3 5 |  5.5
Unarmed Combat | 1 2 3 5 6 8 10 11 | 11.3
Throwing       | 1 2 3 4 |  4.8
Spellcasting   | 1 2 3 4 5 6 |  6.4
Evocations     | 1 2 3 4 |  4.2
Invocations    | 1 2 3 4 5 |  5.5
Stealth        | 2 |  2.8
Transmutations | 1 2 |  2.6
Maces & Flails | |  1.0
Slings         | |  0.8

Action                   |  1- 3 |  4- 6 |  7- 9 | 10-12 || total
-------------------------+-------+-------+-------+-------++-------
Melee: Unarmed           |   106 |   171 |   300 |   311 ||   888
       Punch             |       |       |     8 |    22 ||    30
 Fire: Blowgun           |       |       |    21 |    31 ||    52
       Hunting sling     |       |       |       |    32 ||    32
Throw: Stone             |       |     4 |    18 |    30 ||    52
 Cast: Sticks to Snakes  |       |       |       |    11 ||    11
Evoke: Wand              |       |       |       |     3 ||     3
  Use: Scroll            |       |     1 |     3 |     9 ||    13
 Stab: Sleeping          |     1 |     2 |     1 |     4 ||     8
  Eat: Chunk             |    13 |    22 |    19 |    36 ||    90
Armor: Skin              |    61 |    75 |   184 |   129 ||   449
Dodge: Dodged            |    73 |    67 |   257 |   256 ||   653
